| TOP OF THE 1ST |
|
University of Conneticut Huskies batting - Pitching for University of Minnesota Golden Gophers : RHP Enakai Moritiica
|
|
Pitching: RHP Enakai Moritiica
|
|
|
Batting: RHB Kyle Finney
|
0-0: Ground out U3 (Groundball, 3L, EV 86.2 MPH)
|
|
Batting: LHB Andrew Barzee
|
0-0: Called Strike 0-1: Fly out, F7 (Flyball, 7S, EV 96.9 MPH)
|
|
Batting: LHB Greg James
|
0-0: Called Strike 0-1: Ball 1-1: Ball 2-1: Ball 3-1: Base on Balls
|
|
Batting: LHB Hector Acosta
|
0-0: Called Strike 0-1: Ball 1-1: Ball 2-1: Ball 3-1: Base on Balls Greg James to second
|
|
Batting: LHB Jonathan Sica
|
0-0: Ball 1-0: Ball 2-0: Ball 3-0: Called Strike 3-1: Foul Ball, location: 2F 3-2: Ground out U3 (Groundball, 34S, EV 88.1 MPH)
|
| Top of the 1st over - 0 runs, 0 hits, 0 errors, 2 left on base; University of Conneticut 0 - University of Minnesota 0 |
| BOTTOM OF THE 1ST |
|
University of Minnesota Golden Gophers batting - Pitching for University of Conneticut Huskies : RHP Jean-François Michel
|
|
Pitching: RHP Jean-François Michel
|
|
|
Batting: LHB Alex Villa
|
0-0: Swinging Strike 0-1: Called Strike 0-2: Ball 1-2: Ball 2-2: Strikes out swinging
|
|
Batting: SHB Chris Rodgers
|
0-0: Ball 1-0: Ball 2-0: SINGLE (Groundball, 34D, EV 98.1 MPH)
|
|
Batting: LHB Dick Shafer
|
0-0: Ball Chris Rodgers steals 2nd base 1-0: SINGLE (Line Drive, 9LS, EV 99.4 MPH) Chris Rodgers to third Runner from 3rd tries for Home, SAFE, throw by RF to home Dick Shafer to second
|
|
Batting: RHB Ozzie Buendia
|
0-0: Called Strike 0-1: Swinging Strike 0-2: Ball 1-2: Foul Ball, location: 2F 1-2: SINGLE (Groundball, 56D, EV 106.9 MPH) Dick Shafer to third Runner from 3rd tries for Home, SAFE, throw by LF to home
|
|
Batting: LHB Jose Moncada
|
0-0: Called Strike 0-1: Ball 1-1: Foul Ball, location: 2F 1-2: Ball 2-2: Fly out, F7 (Flyball, 7, EV 82.5 MPH)
|
|
Batting: RHB Jarrod Strickhouser
|
0-0: Called Strike 0-1: Ball 1-1: Ball 2-1: Fielders Choice at 2nd, 5-4 (Groundball, 5, EV 85.6 MPH)
|
| Bottom of the 1st over - 2 runs, 3 hits, 0 errors, 1 left on base; University of Conneticut 0 - University of Minnesota 2 |
| TOP OF THE 2ND |
|
University of Conneticut Huskies batting - Pitching for University of Minnesota Golden Gophers : RHP Enakai Moritiica
|
|
Batting: RHB Cullen Elliott
|
0-0: Called Strike 0-1: Ball 1-1: Swinging Strike 1-2: Ball 2-2: Ball 3-2: Base on Balls
|
|
Batting: LHB Omar Alba
|
0-0: Grounds into double play, 6-4-3 (Groundball, 6, EV 113.1 MPH)
|
|
Batting: RHB Victor Ramos
|
0-0: Swinging Strike 0-1: Ball 1-1: Foul Ball, location: 2F 1-2: Ball 2-2: Ball 3-2: Foul Ball, location: 2F 3-2: Foul Ball, location: 2F 3-2: Base on Balls
|
|
Batting: RHB Jack Vokey
|
0-0: Called Strike 0-1: Ball 1-1: Ball Victor Ramos steals 2nd base 2-1: Foul Ball, location: 2F 2-2: Strikes out swinging
|
| Top of the 2nd over - 0 runs, 0 hits, 0 errors, 1 left on base; University of Conneticut 0 - University of Minnesota 2 |
| BOTTOM OF THE 2ND |
|
University of Minnesota Golden Gophers batting - Pitching for University of Conneticut Huskies : RHP Jean-François Michel
|
|
Batting: RHB Ron Gooch
|
0-0: Ball 1-0: Called Strike 1-1: Ball 2-1: Foul Ball, location: 2F 2-2: Ball 3-2: Foul Ball, location: 2F 3-2: Foul Ball, location: 2F 3-2: Strikes out swinging
|
|
Batting: LHB Bobby Agterberg
|
0-0: Swinging Strike 0-1: Fly out, F6 (Popup, 6, EV 60.6 MPH)
|
|
Batting: RHB Josh Gifford
|
0-0: Called Strike 0-1: Called Strike 0-2: Ball 1-2: Fly out, F7 (Flyball, 7LD, EV 100.0 MPH)
|
| Bottom of the 2nd over - 0 runs, 0 hits, 0 errors, 0 left on base; University of Conneticut 0 - University of Minnesota 2 |
| TOP OF THE 3RD |
|
University of Conneticut Huskies batting - Pitching for University of Minnesota Golden Gophers : RHP Enakai Moritiica
|
|
Batting: RHB Kyle Finney
|
0-0: Ball 1-0: SOLO HOME RUN (Flyball, 7D, EV 98.8 MPH), Distance : 388 ft
|
|
Batting: LHB Andrew Barzee
|
0-0: Ball 1-0: Ball 2-0: Called Strike 2-1: Ball 3-1: SINGLE (Line Drive, 9S, EV 87.5 MPH)
|
|
Batting: LHB Greg James
|
0-0: Called Strike 0-1: Fly out, F8 (Flyball, 78M, EV 80.6 MPH)
|
|
Batting: LHB Hector Acosta
|
0-0: Foul Ball, location: 2F 0-1: Ball 1-1: Ball 2-1: Ball 3-1: Swinging Strike 3-2: Strikes out swinging
|
|
Batting: LHB Jonathan Sica
|
0-0: Ball Andrew Barzee is caught stealing 2nd base 2-6
|
| Top of the 3rd over - 1 run, 2 hits, 0 errors, 0 left on base; University of Conneticut 1 - University of Minnesota 2 |
| BOTTOM OF THE 3RD |
|
University of Minnesota Golden Gophers batting - Pitching for University of Conneticut Huskies : RHP Jean-François Michel
|
|
Batting: LHB Alex Villa
|
0-0: Ball 1-0: Called Strike 1-1: Called Strike 1-2: Ground out 5-3 (Groundball, 56, EV 76.9 MPH)
|
|
Batting: SHB Chris Rodgers
|
0-0: Foul Ball, location: 2F 0-1: Foul Ball, location: 2F 0-2: Ball 1-2: SINGLE (Groundball, 6MS, EV 68.8 MPH) (infield hit)
|
|
Batting: LHB Dick Shafer
|
0-0: Ball 1-0: Ball Chris Rodgers steals 2nd base 2-0: Called Strike 2-1: SINGLE (Line Drive, 89M, EV 87.5 MPH) Chris Rodgers to third
|
|
Batting: RHB Ozzie Buendia
|
0-0: Ball 1-0: Ball 2-0: Called Strike 2-1: Ball Wild Pitch! Chris Rodgers scores Dick Shafer to second 3-1: Base on Balls
|
|
Batting: LHB Jose Moncada
|
0-0: Called Strike 0-1: Fly out, F8 (Flyball, 78D, EV 96.2 MPH)
|
|
Batting: RHB Jarrod Strickhouser
|
0-0: Ball 1-0: Ball 2-0: Ball 3-0: Base on Balls Dick Shafer to third Ozzie Buendia to second
|
|
Batting: RHB Ron Gooch
|
0-0: Fly out, F8 (Line Drive, 8LM, EV 108.8 MPH)
|
| Bottom of the 3rd over - 1 run, 2 hits, 0 errors, 3 left on base; University of Conneticut 1 - University of Minnesota 3 |
| TOP OF THE 4TH |
|
University of Conneticut Huskies batting - Pitching for University of Minnesota Golden Gophers : RHP Enakai Moritiica
|
|
Batting: LHB Jonathan Sica
|
0-0: Fly out, F9 (Flyball, 9LD, EV 81.9 MPH)
|
|
Batting: RHB Cullen Elliott
|
0-0: Ball 1-0: Ball 2-0: Reached on error, E6 (Groundball, 6, EV 91.2 MPH)
|
|
Batting: LHB Omar Alba
|
0-0: Swinging Strike 0-1: Ball 1-1: Foul Ball, location: 2F 1-2: Ball 2-2: Fly out, F8 (Flyball, 89XD, EV 101.2 MPH) Runner from 2nd tags up, SAFE at 3rd, no throw by CF
|
|
Batting: RHB Victor Ramos
|
0-0: Called Strike 0-1: Ball 1-1: Foul Ball, location: 2F 1-2: Ball 2-2: Fly out, F8 (Flyball, 8RM, EV 85.0 MPH)
|
| Top of the 4th over - 0 runs, 0 hits, 1 error, 1 left on base; University of Conneticut 1 - University of Minnesota 3 |
| BOTTOM OF THE 4TH |
|
University of Minnesota Golden Gophers batting - Pitching for University of Conneticut Huskies : RHP Jean-François Michel
|
|
Batting: LHB Bobby Agterberg
|
0-0: Called Strike 0-1: Foul Ball, location: 2F 0-2: Ball 1-2: Fly out, F7 (Flyball, 7LS, EV 84.4 MPH)
|
|
Batting: RHB Josh Gifford
|
0-0: Called Strike 0-1: Foul Ball, location: 2F 0-2: Strikes out swinging
|
|
Batting: LHB Alex Villa
|
0-0: Swinging Strike 0-1: Ball 1-1: Called Strike 1-2: Strikes out swinging
|
| Bottom of the 4th over - 0 runs, 0 hits, 0 errors, 0 left on base; University of Conneticut 1 - University of Minnesota 3 |
| TOP OF THE 5TH |
|
University of Conneticut Huskies batting - Pitching for University of Minnesota Golden Gophers : RHP Enakai Moritiica
|
|
Batting: RHB Jack Vokey
|
0-0: Ball 1-0: Ball 2-0: Called Strike 2-1: Ball 3-1: Base on Balls
|
|
Batting: RHB Kyle Finney
|
0-0: Fly out, F9 (Flyball, 9, EV 88.1 MPH)
|
|
Batting: LHB Andrew Barzee
|
0-0: Called Strike Jack Vokey is caught stealing 2nd base 2-6 0-1: Foul Ball, location: 2F 0-2: Fly out, F7 (Flyball, 78S, EV 85.6 MPH)
|
| Top of the 5th over - 0 runs, 0 hits, 0 errors, 0 left on base; University of Conneticut 1 - University of Minnesota 3 |
| BOTTOM OF THE 5TH |
|
University of Minnesota Golden Gophers batting - Pitching for University of Conneticut Huskies : RHP Jean-François Michel
|
|
Batting: SHB Chris Rodgers
|
0-0: Called Strike 0-1: Foul Ball, location: 2F 0-2: Foul Ball, location: 2F 0-2: Strikes out swinging
|
|
Pitching: RHP Hugo Chavez
|
|
|
Batting: LHB Dick Shafer
|
0-0: Ball 1-0: Swinging Strike 1-1: Foul Ball, location: 2F 1-2: Fly out, F5 (Popup, 5S, EV 78.8 MPH)
|
|
Batting: RHB Ozzie Buendia
|
0-0: Foul Ball, location: 2F 0-1: Foul Ball, location: 2F 0-2: Ball 1-2: Foul Ball, location: 2F 1-2: Ball 2-2: DOUBLE (Line Drive, 9LS, EV 89.4 MPH)
|
|
Batting: LHB Jose Moncada
|
0-0: Swinging Strike 0-1: Ball 1-1: Ball 2-1: Called Strike 2-2: Ball 3-2: Strikes out swinging
|
| Bottom of the 5th over - 0 runs, 1 hit, 0 errors, 1 left on base; University of Conneticut 1 - University of Minnesota 3 |
| TOP OF THE 6TH |
|
University of Conneticut Huskies batting - Pitching for University of Minnesota Golden Gophers : RHP Enakai Moritiica
|
|
Batting: LHB Greg James
|
0-0: Called Strike 0-1: Ball 1-1: Called Strike 1-2: Foul Ball, location: 2F 1-2: Ball 2-2: Fly out, F9 (Flyball, 89D, EV 98.1 MPH)
|
|
Batting: LHB Hector Acosta
|
0-0: Ball 1-0: Called Strike 1-1: Ground out 4-3 (Groundball, 4, EV 86.9 MPH)
|
|
Batting: LHB Jonathan Sica
|
0-0: Ball 1-0: Fly out, F7 (Flyball, 78D, EV 98.8 MPH)
|
| Top of the 6th over - 0 runs, 0 hits, 0 errors, 0 left on base; University of Conneticut 1 - University of Minnesota 3 |
| BOTTOM OF THE 6TH |
|
University of Minnesota Golden Gophers batting - Pitching for University of Conneticut Huskies : RHP Hugo Chavez
|
|
Batting: RHB Jarrod Strickhouser
|
0-0: Foul Ball, location: 2F 0-1: Ball 1-1: Fly out, F8 (Flyball, 8LD, EV 94.4 MPH)
|
|
Batting: RHB Ron Gooch
|
0-0: Hit by Pitch
|
|
Batting: LHB Bobby Agterberg
|
0-0: Ball 1-0: Ball 2-0: Foul Ball, location: 2F 2-1: Grounds into double play, 6-4-3 (Groundball, 6D, EV 82.5 MPH)
|
| Bottom of the 6th over - 0 runs, 0 hits, 0 errors, 0 left on base; University of Conneticut 1 - University of Minnesota 3 |
| TOP OF THE 7TH |
|
University of Conneticut Huskies batting - Pitching for University of Minnesota Golden Gophers : RHP Enakai Moritiica
|
|
Batting: RHB Cullen Elliott
|
0-0: Foul Ball, location: 2F 0-1: Foul Ball, location: 2F 0-2: Ball 1-2: Foul Ball, location: 2F 1-2: Foul Ball, location: 2F 1-2: Ground out 6-3 (Groundball, 6, EV 84.4 MPH)
|
|
Batting: LHB Omar Alba
|
0-0: Ball 1-0: Called Strike 1-1: Fly out, F7 (Flyball, 78D, EV 101.9 MPH)
|
|
Batting: RHB Victor Ramos
|
0-0: Called Strike 0-1: SINGLE (Groundball, 56D, EV 98.8 MPH)
|
|
Pinch Hitting: RHB Dave Cobos
|
0-0: Called Strike 0-1: Fielders Choice at 2nd, 5-4 (Groundball, 56, EV 100.6 MPH)
|
| Top of the 7th over - 0 runs, 1 hit, 0 errors, 1 left on base; University of Conneticut 1 - University of Minnesota 3 |
| BOTTOM OF THE 7TH |
|
University of Minnesota Golden Gophers batting - Pitching for University of Conneticut Huskies : RHP Hugo Chavez
|
|
Now at 3B: Jordan Nicholas
|
|
|
Now at SS: Cullen Elliott
|
|
|
Batting: RHB Josh Gifford
|
0-0: Ball 1-0: Fly out, F9 (Flyball, 89M, EV 95.6 MPH)
|
|
Batting: LHB Alex Villa
|
0-0: Fly out, F9 (Line Drive, 9, EV 93.1 MPH)
|
|
Batting: SHB Chris Rodgers
|
0-0: Called Strike 0-1: Ball 1-1: Ball 2-1: Foul Ball, location: 2F 2-2: Foul Ball, location: 2F 2-2: Strikes out swinging
|
| Bottom of the 7th over - 0 runs, 0 hits, 0 errors, 0 left on base; University of Conneticut 1 - University of Minnesota 3 |
| TOP OF THE 8TH |
|
University of Conneticut Huskies batting - Pitching for University of Minnesota Golden Gophers : RHP Enakai Moritiica
|
|
Batting: RHB Kyle Finney
|
0-0: Called Strike 0-1: Ball 1-1: DOUBLE (Line Drive, 89D, EV 105.6 MPH)
|
|
Pitching: LHP Ryan Hancock
|
|
|
Batting: LHB Andrew Barzee
|
0-0: TRIPLE (Flyball, 89XD, EV 107.5 MPH) Kyle Finney scores
|
|
Pinch Hitting: RHB Phil Hilton
|
0-0: Foul Ball, location: 2F 0-1: Fly out, F6 (Popup, 6S, EV 86.2 MPH)
|
|
Batting: LHB Hector Acosta
|
0-0: Ground out 4-3 (Groundball, 4, EV 91.2 MPH)
|
|
Batting: LHB Jonathan Sica
|
0-0: Called Strike 0-1: Ball 1-1: Ball 2-1: Ball 3-1: Ground out 4-3 (Groundball, 34D, EV 103.8 MPH)
|
| Top of the 8th over - 1 run, 2 hits, 0 errors, 1 left on base; University of Conneticut 2 - University of Minnesota 3 |
| BOTTOM OF THE 8TH |
|
University of Minnesota Golden Gophers batting - Pitching for University of Conneticut Huskies : RHP Hugo Chavez
|
|
Pitching: LHP Alex Membreno
|
|
|
Now in LF: Phil Hilton
|
|
|
Now in RF: Victor Ramos
|
|
|
Batting: LHB Dick Shafer
|
0-0: Ball 1-0: Ball 2-0: Swinging Strike 2-1: Ball 3-1: Foul Ball, location: 2F 3-2: Foul Ball, location: 2F 3-2: SINGLE (Flyball, 5D, EV 89.4 MPH)
|
|
Batting: RHB Ozzie Buendia
|
0-0: Ball 1-0: Called Strike 1-1: Fielders Choice at 2nd, 6-4 (Groundball, 6, EV 87.5 MPH)
|
|
Batting: LHB Jose Moncada
|
0-0: Foul Ball, location: 2F 0-1: Ball 1-1: Ball 2-1: Ball 3-1: Base on Balls Ozzie Buendia to second
|
|
Batting: RHB Jarrod Strickhouser
|
0-0: Called Strike 0-1: Fly out, F9 (Flyball, 9, EV 93.8 MPH)
|
|
Batting: RHB Ron Gooch
|
0-0: Called Strike 0-1: Fielders Choice at 2nd, 6-4 (Groundball, 6, EV 84.4 MPH)
|
| Bottom of the 8th over - 0 runs, 1 hit, 0 errors, 2 left on base; University of Conneticut 2 - University of Minnesota 3 |
| TOP OF THE 9TH |
|
University of Conneticut Huskies batting - Pitching for University of Minnesota Golden Gophers : LHP Ryan Hancock
|
|
Pitching: RHP Adam Wickwire
|
|
|
Batting: RHB Cullen Elliott
|
0-0: Swinging Strike 0-1: Swinging Strike 0-2: Ball 1-2: Strikes out swinging
|
|
Pinch Hitting: RHB Roku Kawano
|
0-0: Ball 1-0: Called Strike 1-1: Swinging Strike 1-2: Strikes out swinging
|
|
Batting: RHB Victor Ramos
|
0-0: Ball 1-0: Ball 2-0: Ball 3-0: Called Strike 3-1: Base on Balls
|
|
Pinch Hitting: RHB Hector Guerra
|
0-0: Called Strike 0-1: Called Strike 0-2: Ground out 5-3 (Groundball, 56, EV 104.4 MPH)
|
| Top of the 9th over - 0 runs, 0 hits, 0 errors, 1 left on base; University of Conneticut 2 - University of Minnesota 3 |
|